 Dungeon Crawl Stone Soup version 0.19.5-1-g796a6487f8 (webtiles) character file.

12186 magog001 the Carver (level 11, 0/148 HPs)
             Began as a Minotaur Monk on June 6, 2023.
             Was a High Priest of Nemelex Xobeh.
             Slain by a large abomination (8 damage)
             ... on level 10 of the Dungeon.
             The game lasted 00:57:06 (11314 turns).

magog001 the Carver (Minotaur Monk)                Turns: 11314, Time: 00:57:06

Health: 0/148      AC: 25    Str: 19    XL:     11   Next: 59%
Magic:  10/10      EV:  2    Int:  7    God:    Nemelex Xobeh [*****.]
Gold:   360        SH:  9    Dex: 13    Spells: 1 memorised, 9 levels left

rFire  . . .     SeeInvis .     b - +8 falchion of Innocence {freeze, +Fly}
rCold  + . .     Gourm    .     (armour currently unavailable)
rNeg   + + +     Faith    .     j - +3 buckler {rC+}
rPois  +         Spirit   .     (helmet currently unavailable)
rElec  .         Reflect  .     (cloak currently unavailable)
rCorr  .         Harm     .     (gloves currently unavailable)
MR     .....     NoTele   +     (boots currently unavailable)
Stlth  ++........               E - amulet "Idylee" {rPois Regen+}
                                (no ring)
                                (no ring)

@: tree-form
A: (retaliatory headbutt), (horns 0)
a: Triple Draw, Deal Four, Stack Five, Renounce Religion


You were on level 10 of the Dungeon.
You worshipped Nemelex Xobeh.
Nemelex Xobeh was extremely pleased with you.
You were not hungry.
You were a tree.
You visited 1 branch of the dungeon, and saw 10 of its levels.
You visited the Abyss 1 time.
You also visited: Sewer and Ossuary.

You collected 360 gold pieces.

Inventory:

Hand Weapons
 b - the +8 falchion of Innocence (weapon) {freeze, +Fly}
   (You found it on level 4 of the Dungeon)

   It has been specially enchanted to freeze those struck by it, causing extra
   injury to most foes and up to half again as much damage against particularly
   susceptible opponents.
   It can also slow down cold-blooded creatures.
   It lets you fly.
 c - a +1 dagger of venom
 g - a +0 hunting sling
 z - a +1 mace of venom
 A - a +0 blowgun
 H - a +4 falchion of holy wrath
Missiles
 p - 294 stones (quivered)
 w - 33 sling bullets
 y - 49 poisoned needles
Armour
 j - a +3 buckler of cold resistance (worn)
 v - a +0 cloak (melded)
 G - a +0 pair of gloves (melded)
 I - a +2 hat of intelligence (melded)
 S - a +3 leather armour of magic resistance (melded)
Jewellery
 B - a +6 amulet of reflection
 E - the amulet "Idylee" (around neck) {rPois Regen+}
   (You found it on level 6 of the Dungeon)

   [amulet of regeneration]

   It protects you from poison.
   It increases your rate of regeneration.
 Q - an uncursed ring of ice
Wands
 a - a wand of random effects (11/48)
 r - a wand of paralysis (9/24)
 u - a wand of confusion (31/48)
 F - a wand of polymorph (14/24)
 R - a wand of lightning (12/15)
 V - a wand of disintegration (12/24)
 X - a wand of digging (5/24)
Scrolls
 i - 2 scrolls of identify
 t - 3 scrolls of remove curse
 x - 9 scrolls of teleportation
 C - 2 scrolls of magic mapping {unknown}
 K - 2 scrolls of blinking
 L - 4 scrolls of fear
 P - 2 scrolls of recharging
Potions
 d - a potion of ambrosia
 e - 7 potions of brilliance
 h - a potion of magic
 m - 3 potions of might
 o - 2 potions of haste
 q - 4 potions of lignification
 s - a potion of cure mutation
 J - a potion of resistance
 N - 4 potions of curing
 Y - 2 potions of agility {unknown}
Books
 T - a book of Air

   Spells                             Type                      Level
   a - Shock                          Conjuration/Air              1
   b - Swiftness                      Charms/Air                   2
   c - Repel Missiles                 Charms/Air                   2
   d - Static Discharge               Conjuration/Air              3
   e - Lightning Bolt                 Conjuration/Air              5
 W - a book of Misfortune

   Spells                             Type                      Level
   a - Confusing Touch                Hexes                        1
   b - Confuse                        Hexes                        3
   c - Gell's Gravitas                Hexes/Translocation          3
   d - Petrify                        Transmutation/Earth          4
   e - Metabolic Englaciation         Hexes/Ice                    5
   f - Yara's Violent Unravelling     Hexes/Transmutation          5
Miscellaneous
 f - a legendary deck of summoning {drawn: 2}
 l - a plain deck of summoning
 D - an ornate deck of destruction
 M - a plain deck of escape
 U - an ornate deck of destruction
 Z - a plain deck of summoning
Comestibles
 k - 2 meat rations
 n - 2 slices of pizza


   Skills:
 * Level 10.0 Fighting
 + Level 0.9(8.3) Short Blades
 * Level 13.6 Long Blades
 * Level 7.7 Armour
 * Level 8.5 Dodging
 - Level 1.7 Stealth
 * Level 9.1 Shields
 + Level 0.1 Spellcasting
 + Level 0.2 Invocations
 + Level 0.8 Evocations


You had 9 spell levels left.
You knew the following spells:

 Your Spells              Type           Power        Failure   Level  Hunger
a - Shock                 Conj/Air       #...         47%         1    ##.....


Dungeon Overview and Level Annotations

Branches:
Dungeon (10/15)            Temple (0/1) D:6            Lair (0/6) D:8
    Orc: D:9-12

Altars:
Ashenzari
Cheibriados
Dithmenos
Elyvilon
Fedhas
Gozag
Nemelex Xobeh
Okawaru
Ru
Yredelemnul

Annotations:
D:10 Sonja


Innate Abilities, Weirdness & Mutations

((You reflexively headbutt those who attack you in melee.))
((You have a pair of horns on your head.))


Message History

You feel less resistant to hostile enchantments.
Your roots penetrate the ground.
The killer bee stings you.
* * * LOW HITPOINT WARNING * * *
Sonja hits you but does no damage. x2; Space bends around you.
* * * LOW HITPOINT WARNING * * *
Sonja hits you but does no damage. Space bends around you.
* * * LOW HITPOINT WARNING * * *
The killer bee stings you but does no damage.
You block the large abomination's attack.
You feel much better.
The killer bee stings you but does no damage.
Sonja hits you but does no damage. Space bends around you.
* * * LOW HITPOINT WARNING * * *
Sonja hits you but does no damage. Space warps horribly around you!
* * * LOW HITPOINT WARNING * * *
Sonja hits you but does no damage.
You feel a strange sense of stasis.
The killer bee stings you but does no damage.
The large abomination hits you!
You die...
Your body glows slightly and disappears.

.................................
....)............................
############..################...
#..# #...
############..################...
.................................
.................................
................KX...............
.............(..♣................
.................y...............
.>...................<...........
.................................
..................>..............
.................................
.................................
..............###################
############..# #


You could see a large abomination, Sonja and a killer bee.

Vanquished Creatures
  Gastronok (D:10)
  Fannar (D:10)
  A hill giant (D:7)
  Maurice (D:10)
  A queen bee (D:10)
  A troll (D:9)
  3 slime creatures (D:9)
  Sigmund (D:6)
  Eustachio (D:5)
  3 yaks (D:6)
  A hungry ghost (D:8)
  A hornet zombie (D:6)
  7 orc warriors
  A phantom (D:5)
  2 sky beasts (D:8)
  4 ice beasts
  2 black bears
  A necrophage (D:6)
  An eye of draining (Abyss:1)
  5 ogres
  The ghost of ViperIII the Poker, an amateur HuMo (D:3)
  3 centaurs
  6 bullfrogs
  A gnoll sergeant (D:7)
  A wyvern skeleton (D:7)
  4 scorpions
  11 killer bees (D:10)
  5 wights (D:10)
  5 howler monkeys
  6 crimson imps
  3 jellies
  3 centaur zombies
  A human zombie (Ossuary)
  A bullfrog skeleton (D:10)
  7 hounds
  An iron imp (Abyss:1)
  8 orc priests
  14 orc wizards
  9 worker ants
  2 iguanas
  A big kobold zombie (Ossuary)
  2 hound skeletons
  A hound zombie (D:5)
  6 mummies (Ossuary)
  A worker ant zombie (D:6)
  23 adders
  5 gnolls
  6 river rats
  2 shadow imps
  A white imp (D:6)
  3 oozes
  A dart slug (D:1)
  2 worms (D:2)
  5 leopard geckos
  24 orcs
  12 ball pythons
  6 giant cockroaches
  8 goblins
  9 hobgoblins
  10 jackals
  7 kobolds
  9 quokkas
  11 bats
  8 frilled lizards
  A hobgoblin zombie (Ossuary)
  A kobold zombie (Ossuary)
  A leopard gecko zombie (D:8)
  2 orc zombies (Ossuary)
  A quokka skeleton (D:4)
  30 rats
  A bush (D:3)
331 creatures vanquished.

Vanquished Creatures (collateral kills)
  A balrug (Abyss:1)
  A ynoxinul (Abyss:1)
  Duvessa (D:4)
  Dowan (D:4)
4 creatures vanquished.

Grand Total: 335 creatures vanquished

Notes
Turn   | Place    | Note
-------+----------+-------------------------------------------
     0 | D:1      | magog001 the Minotaur Monk began the quest for the Orb.
     0 | D:1      | Reached XP level 1. HP: 19/19 MP: 0/0
   202 | D:1      | Reached skill level 4 in Long Blades
   312 | D:1      | Reached XP level 2. HP: 15/27 MP: 1/1
   802 | D:1      | Reached XP level 3. HP: 33/33 MP: 2/2
  1001 | D:2      | Reached skill level 1 in Shields
  1345 | D:2      | Reached XP level 4. HP: 38/40 MP: 3/3
  1579 | D:2      | Reached skill level 5 in Long Blades
  1869 | D:3      | Reached XP level 5. HP: 47/47 MP: 4/4
  2057 | D:3      | Noticed ViperIII's ghost (amateur HuMo)
  2076 | D:3      | Killed ViperIII's ghost
  2076 | D:3      | Reached skill level 1 in Armour
  2076 | D:3      | Reached XP level 6. HP: 39/53 MP: 5/5
  2516 | D:3      | Found a blossoming altar of Fedhas.
  2547 | D:3      | Found a shattered altar of Ashenzari.
  2547 | D:3      | Found a sparkling altar of Nemelex Xobeh.
  2551 | D:3      | Found a white marble altar of Elyvilon.
  2551 | D:3      | Found an opulent altar of Gozag.
  2571 | D:3      | Became a worshipper of Nemelex Xobeh the Trickster
  2571 | D:3      | Received a gift from Nemelex Xobeh
  2571 | D:3      | Reached * piety under Nemelex Xobeh
  2571 | D:3      | Received a gift from Nemelex Xobeh
  2571 | D:3      | Reached ** piety under Nemelex Xobeh
  3413 | D:4      | Reached skill level 5 in Fighting
  3677 | D:4      | Found a basalt altar of Yredelemnul.
  3686 | D:4      | Got an ancient falchion
  3687 | D:4      | Identified the +8 falchion of Innocence {freeze, +Fly} (You found it on level 4 of the Dungeon)
  3702 | D:4      | Received a gift from Nemelex Xobeh
  3782 | D:4      | Reached skill level 6 in Long Blades
  3826 | D:4      | Received a gift from Nemelex Xobeh
  3840 | D:4      | Noticed Duvessa
  3841 | D:4      | Noticed Dowan
  3844 | D:4      | Killed Duvessa
  3844 | D:4      | Reached XP level 7. HP: 34/61 MP: 6/6
  3852 | D:4      | Killed Dowan
  4362 | D:5      | Entered Level 5 of the Dungeon
  4411 | D:5      | Received a gift from Nemelex Xobeh
  4455 | D:5      | Reached *** piety under Nemelex Xobeh
  4525 | D:5      | Noticed Eustachio
  4549 | D:5      | Killed Eustachio
  4549 | D:5      | Reached skill level 7 in Long Blades
  4590 | D:5      | Found a glowing drain.
  4601 | Sewer    | Entered a sewer
  4964 | Sewer    | Reached XP level 8. HP: 70/70 MP: 7/7
  4966 | Sewer    | Reached skill level 5 in Dodging
  5110 | D:5      | Received a gift from Nemelex Xobeh
  5116 | D:5      | Reached skill level 8 in Long Blades
  5508 | D:5      | Reached skill level 5 in Armour
  6041 | D:6      | Noticed Sigmund
  6059 | D:6      | Killed Sigmund
  6309 | D:6      | Reached skill level 9 in Long Blades
  6314 | D:6      | Reached skill level 5 in Shields
  6585 | D:6      | Reached XP level 9. HP: 62/79 MP: 8/8
  6691 | D:6      | Reached skill level 10 in Long Blades
  6907 | D:6      | Found a staircase to the Ecumenical Temple.
  7008 | D:6      | Got an ancient iron amulet
  7009 | D:6      | Identified the amulet "Idylee" {rPois Regen+} (You found it on level 6 of the Dungeon)
  7026 | D:6      | Found a shadowy altar of Dithmenos.
  7026 | D:6      | Found a snail-covered altar of Cheibriados.
  7028 | D:6      | Found an iron altar of Okawaru.
  7290 | D:7      | Received a gift from Nemelex Xobeh
  7300 | D:7      | Noticed a hill giant
  7311 | D:7      | Killed a hill giant
  7311 | D:7      | Reached skill level 11 in Long Blades
  7414 | D:7      | Reached **** piety under Nemelex Xobeh
  7853 | D:7      | Learned a level 1 spell: Shock
  7954 | D:7      | Reached XP level 10. HP: 88/88 MP: 9/9
  8391 | D:8      | Found a staircase to the Lair.
  8441 | D:8      | Received a gift from Nemelex Xobeh
  8538 | D:8      | Gained mutation: Armour fits poorly on your strangely shaped body. [mutagenic meat]
  8539 | D:8      | Gained mutation: You are somewhat resistant to further mutation. [mutagenic meat]
  8540 | D:8      | Gained mutation: Your magical capacity is low. (-10% MP) [mutagenic meat]
  8579 | D:8      | Reached skill level 12 in Long Blades
  8644 | D:8      | Found a sand-covered staircase.
  8653 | Ossuary  | Entered an ossuary
  8963 | Ossuary  | Gained mutation: You expend magic power (3 MP) to strengthen your wands. [potion of mutation]
  8964 | Ossuary  | Lost mutation: Armour fits poorly on your strangely shaped body. [potion of cure mutation]
  8964 | Ossuary  | Lost mutation: Your magical capacity is low. (-10% MP) [potion of cure mutation]
  8964 | Ossuary  | Lost mutation: You are somewhat resistant to further mutation. [potion of cure mutation]
  8964 | Ossuary  | Lost mutation: You expend magic power (3 MP) to strengthen your wands. [potion of cure mutation]
  8989 | D:8      | Gained mutation: Your body sometimes deteriorates upon taking damage. [potion of mutation]
  8989 | D:8      | Gained mutation: You evolve. [potion of mutation]
  8989 | D:8      | Gained mutation: Your spells are a little harder to cast, but a little more powerful. [potion of mutation]
  8990 | D:8      | Lost mutation: Your body sometimes deteriorates upon taking damage. [potion of cure mutation]
  8990 | D:8      | Lost mutation: Your spells are a little harder to cast, but a little more powerful. [potion of cure mutation]
  8990 | D:8      | Lost mutation: You evolve. [potion of cure mutation]
  9331 | D:8      | Found a sacrificial altar of Ru.
  9778 | D:9      | Reached ***** piety under Nemelex Xobeh
  9887 | D:9      | Received a gift from Nemelex Xobeh
 10247 | D:10     | Entered Level 10 of the Dungeon
 10247 | D:10     | Noticed Fannar
 10247 | D:10     | Noticed Gastronok
 10319 | D:10     | Killed Gastronok
 10319 | D:10     | Reached skill level 13 in Long Blades
 10319 | D:10     | Reached XP level 11. HP: 37/97 MP: 10/10
 10436 | D:10     | Killed Fannar
 10736 | D:10     | Received a gift from Nemelex Xobeh
 10830 | D:10     | Noticed Sonja
 11061 | D:10     | Noticed Maurice
 11077 | D:10     | Killed Maurice
 11165 | D:10     | Cast into level 1 of the Abyss (Sonja)
 11233 | Abyss:1  | Noticed a thrashing horror
 11245 | Abyss:1  | Received a gift from Nemelex Xobeh
 11255 | Abyss:1  | Noticed a balrug
 11266 | Abyss:1  | Noticed an orb spider
 11270 | Abyss:1  | Killed a balrug
 11270 | Abyss:1  | Reached skill level 10 in Fighting
 11312 | D:10     | Escaped the Abyss
 11313 | D:10     | HP: 7/148 [Sonja/uncursed short sword of distortion (3)]
 11313 | D:10     | HP: 3/148 [Sonja/uncursed short sword of distortion (4)]
 11314 | D:10     | Slain by a large abomination

Skill      XL: |  1  2  3  4  5  6  7  8  9 10 11 |
---------------+----------------------------------+-----
Long Blades    | 4 5 6 7 9 11 13 | 13.6
Shields        | 1 2 3 4 5 8 9 |  9.1
Fighting       | 4 5 7 8 9 10 | 10.0
Dodging        | 4 5 6 8 |  8.5
Armour         | 1 2 4 5 6 7 |  7.7
Short Blades   | |  0.9
Stealth        | |  1.7
Spellcasting   | |  0.1
Invocations    | |  0.2
Evocations     | |  0.8

Action                   |  1- 3 |  4- 6 |  7- 9 | 10-12 || total
-------------------------+-------+-------+-------+-------++-------
Melee: Falchion          |    77 |   246 |   271 |   345 ||   939
       Headbutt          |    10 |    67 |    47 |    84 ||   208
       Short sword       |       |    22 |       |       ||    22
 Abil: Evoke Flight      |       |       |     1 |       ||     1
Evoke: Deck              |       |     1 |     1 |     1 ||     3
       Wand              |       |       |       |     4 ||     4
  Use: Scroll            |       |     9 |     6 |     8 ||    23
       Potion            |       |     2 |     3 |    14 ||    19
 Stab: Sleeping          |     1 |       |     1 |     2 ||     4
       Distracted        |       |       |     1 |     1 ||     2
  Eat: Chunk             |     1 |     5 |     2 |     7 ||    15
       Beef jerky        |       |     1 |     1 |       ||     2
       Bread ration      |       |     1 |     2 |       ||     3
       Royal jelly       |       |       |       |     2 ||     2
       Pizza             |       |       |       |     2 ||     2
Armor: Robe              |    10 |       |       |       ||    10
       Chain mail        |     7 |    87 |    90 |       ||   184
       Leather armour    |       |       |    16 |    49 ||    65
       Skin              |       |       |       |     8 ||     8
Dodge: Dodged            |    35 |    62 |   119 |   166 ||   382
Block: Buckler           |    26 |    42 |    80 |   143 ||   291
       Rpst.: Falchion   |     6 |    20 |    36 |    45 ||   107
